 Dungeon Crawl Stone Soup version 0.28.0-53-g5a82cb258f (webtiles) character file.

Game seed: 13000022919748409216

291 jiml777 the Digger (level 6, -1/34 HPs)
             Began as a Gargoyle Earth Elementalist on June 8, 2022.
             Was an Initiate of Cheibriados.
             Slain by an orc
             ... wielding a +0 flail
              (5 damage)
             ... on level 4 of the Dungeon.
             The game lasted 00:20:05 (4287 turns).

jiml777 the Digger (Gargoyle Earth Elementalist)    Turns: 4287, Time: 00:20:06

Health: -1/34      AC:  6    Str: 13    XL:     6   Next: 32%
Magic:  3/10       EV: 16    Int: 18    God:    Cheibriados [......]
Gold:   4          SH:  0    Dex: 11    Spells: 5/11 levels left

rFire   . . .      SeeInvis .   e - +0 short sword (venom)
rCold   . . .      Faith    .   (no shield)
rNeg    + . .      Spirit   .   b - +0 robe
rPois   ∞          Reflect  .   (no helmet)
rElec   +          Harm     .   (no cloak)
rCorr   .          Rampage  .   (no gloves)
Will    .....                   (no boots)
Stlth   ++........              (no amulet)
HPRegen 0.11/turn               q - +4 ring of evasion
MPRegen 0.12/turn               d - ring of wizardry

@: very slow
A: sickness immunity, AC +4, negative energy resistance 1, electricity
resistance, torment resistance 1, petrification resistance
a: Renounce Religion


You were on level 4 of the Dungeon.
You worshipped Cheibriados.
Cheibriados was noncommittal.
You visited 2 branches of the dungeon, and saw 5 of its levels.

You collected 124 gold pieces.
You spent 120 gold pieces at shops.

Inventory:

Hand Weapons
 e - a +0 short sword of venom (weapon)
 j - a +0 hunting sling
Missiles
 g - 59 stones
 l - 53 arrows
 n - 4 boomerangs
 u - 6 poisoned darts
 v - 19 bolts
Armour
 b - a +0 robe (worn)
Jewellery
 d - a ring of wizardry (right hand)
 q - a +4 ring of evasion (left hand)
Wands
 s - a wand of iceblast (6)
Scrolls
 a - 2 scrolls of teleportation
 h - 3 scrolls of immolation
 i - 2 scrolls of noise {unknown}
 m - a scroll of blinking {unknown}
 r - a scroll of holy word {unknown}
 w - a scroll of fog {unknown}
Potions
 c - a potion of cancellation
 f - a potion of magic
 k - a potion of ambrosia {unknown}
 o - a potion of flight {unknown}
 p - a potion of degeneration {unknown}
 t - a potion of curing {unknown}


   Skills:
 + Level 1.4 Fighting
 + Level 2.5 Short Blades
 + Level 0.3 Maces & Flails
 + Level 2.4 Dodging
 + Level 2.9 Stealth
 + Level 3.1 Spellcasting
 + Level 0.1 Conjurations
 + Level 0.7 Transmutations
 + Level 5.1 Earth Magic


You had 5 spell levels left.
You knew the following spells:

 Your Spells              Type           Power      Damage    Failure   Level
a - Sandblast             Erth           42%        2d11      1%          1
b - Passwall              Tmut/Erth      10%        N/A       3%          2
c - Stone Arrow           Conj/Erth      24%        3d8       6%          3

Your spell library contained the following spells:

 Spells                   Type           Power      Damage    Failure   Level
 Scorch                   Fire           4%         2d5       10%         2
 Petrify                  Tmut/Erth      13%        N/A       19%         4
 Flame Wave               Conj/Fire      3%         2d4       50%         4
 Summon Cactus Giant      Summ           1%         N/A       100%        6


Dungeon Overview and Level Annotations

Branches:
Dungeon (4/15)             Temple (1/1) D:4

Altars:
Cheibriados
Elyvilon
Fedhas
Gozag
Hepliaklqana
Kikubaaqudgha
Nemelex Xobeh
Okawaru
Qazlal
Ru
Sif Muna
Uskayaw
Vehumet
Wu Jian
Xom
Yredelemnul

Shops:
D:2 *

Annotations:
D:4 2 transporters, osoart's ghost, weakling DsTm


Innate Abilities, Weirdness & Mutations

You are immune to sickness and miasma.
Your stone body is resilient. (AC +4)
You are immune to poison.
You resist negative energy. (rN+)
You are resistant to electric shocks. (rElec)
You are resistant to unholy torment.
You are immune to petrification.


Message History

The necrophage is almost destroyed.
The orc completely misses you. The necrophage hits you.
You barely miss the necrophage.
The necrophage is almost destroyed.
The necrophage hits you. The orc closely misses you.
You hit the necrophage but do no damage.
The necrophage is almost destroyed.
The orc closely misses you.
The necrophage hits you but does no damage.
You hit the necrophage but do no damage.
The necrophage is almost destroyed.
The orc barely misses you. The necrophage closely misses you.
You hit the necrophage.
You destroy the necrophage!
Cheibriados thoroughly appreciates the change of pace.
The orc hits you with a +0 flail!
* * * LOW HITPOINT WARNING * * *
Your Spellcasting skill increases to level 3!
You have reached level 6!
Okay, then.
Casting: Stone Arrow (dangerous; 6% risk of failure)
Confirm with . or Enter, or press ? or * to list all spells.
Aiming: Sandblast (safe; 1% risk of failure)
Press: ? - help, Shift-Dir - straight line, f - orc
Aim: an orc, wielding a +0 flail and wearing a +0 ring mail (83% to hit)
The blast of sand hits the orc but does no damage.
The orc misses you.
Things that are here:
a +0 robe; a +0 dagger; an orc skeleton The orc hits you but does no damage.
Things that are here:
a +0 club; a +0 dagger; an orc skeleton The orc misses you.
The orc misses you.
Osoart's ghost turns its malevolent gaze towards you.
The orc misses you.
There is a stone staircase leading down here.
Osoart's ghost whispers, "The ORB doesn't exist."
The orc hits you with a +0 flail.
You die...

#..... ####.... .. ## ......##
#....!.# ..
...##.####....#.###.....##
......#...#.......##.......#
.[#.......#..#....##.......
..#..................!.....
..................)(.......
..........)...............
#######.....o@÷P..............
.....W#..>..##.##.............
.....Z#....P#...#.............
.###..#...>...>[).............
.#8#..#....P#..†#P.........###
......#.....##.##..........#
©.....#©.....P.P...#........
......#.............##.......
.#8#..#........###...#.......


You could see an orc.

Vanquished Creatures
  A necrophage (D:4)
  An iguana (D:4)
  An orc wizard (D:4)
  A hound skeleton (D:4)
  4 adders
  2 worms
  3 dart slugs
  7 orcs
  3 ball pythons
  7 bats
  13 endoplasms
  2 giant cockroaches (D:1)
  12 goblins
  6 hobgoblins
  4 jackals (D:1)
  3 quokkas
  4 frilled lizards
  4 kobolds
  8 rats
86 creatures vanquished.

Vanquished Creatures (others)
  A goblin (D:3)
  2 plants (D:4)
3 creatures vanquished.

Grand Total: 89 creatures vanquished

Notes
Turn   | Place    | Note
-------+----------+-------------------------------------------
     0 | D:1      | jiml777 the Gargoyle Earth Elementalist began the quest for
                  | the Orb.
     0 | D:1      | Reached XP level 1. HP: 10/10 MP: 3/3
     1 | D:1      | Found a runed translucent door.
   422 | D:1      | Reached XP level 2. HP: 13/15 MP: 5/5
   469 | D:1      | Reached skill level 4 in Earth Magic
   791 | D:1      | Reached XP level 3. HP: 14/19 MP: 6/6
  1953 | D:2      | Reached XP level 4. HP: 24/24 MP: 4/7
  1986 | D:2      | Found Ymakax's Assorted Antiques.
  2789 | D:3      | Found a shimmering altar of Xom.
  3431 | D:3      | Found a faded altar of an unknown god.
  3484 | D:3      | Reached skill level 1 in Short Blades
  3788 | D:2      | Bought an emerald ring for 100 gold pieces
  3788 | D:2      | Bought a scroll labelled RUIDIU KOIJ for 20 gold pieces
  3793 | D:2      | Learned a level 2 spell: Passwall
  3797 | D:2      | Learned a level 3 spell: Stone Arrow
  3825 | D:4      | Reached XP level 5. HP: 25/28 MP: 9/9
  3886 | D:4      | Reached skill level 1 in Fighting
  3904 | D:4      | Found a transporter.
  3908 | D:4      | Noticed osoart's ghost (weakling DsTm)
  3909 | D:4      | Found a transporter.
  3911 | D:4      | Found a staircase to the Ecumenical Temple.
  3994 | D:4      | Noticed a necrophage
  3997 | D:4      | Reached skill level 5 in Earth Magic
  4010 | Temple   | Entered the Ecumenical Temple
  4214 | Temple   | Became a worshipper of Cheibriados the Contemplative
  4269 | D:4      | Killed a necrophage
  4269 | D:4      | HP: 1/29 [orc/+0 flail (8)]
  4270 | D:4      | Reached XP level 6. HP: 1/34 MP: 1/10
  4287 | D:4      | Slain by an orc

Illustrated notes

Levels and vault maps discovered:
D:1:      dpeg_arrival_caged_fury, layout_basic
D:2:      layout_loops_ring, serial_shops, nicolae_shop_hallway_stairs
D:3:      layout_basic, mainiacjoe_overflow_catwalk,
          chequers_ecumenical_altar_simple, corexii_hall_statues_u
D:4:      layout_cave_pools, minmay_temple_entry_gardened_gates, serial_shops,
          shop, gammafunk_ghost_mausoleum, minmay_checkerbox
Temple:   eino_wide_crystal_templ

Skill      XL: |  1  2  3  4  5 |
---------------+----------------+-----
Earth Magic    | 4 5 |  5.1
Short Blades   | 1 2 |  2.5
Dodging        | 2 |  2.4
Fighting       | 1 |  1.4
Spellcasting   | 3 |  3.1
Maces & Flails | |  0.3
Stealth        | |  2.9
Conjurations   | |  0.1
Transmutations | |  0.7

Action                   |  1- 3 |  4- 6 || total
-------------------------+-------+-------++-------
Melee: Whip              |    23 |       ||    23
       Unarmed           |     6 |       ||     6
       Short sword       |    67 |   139 ||   206
       Punch             |     2 |     1 ||     3
 Cast: Sandblast         |    27 |    21 ||    48
       Stone Arrow       |       |     2 ||     2
  Use: Scroll            |     1 |     4 ||     5
 Stab: Sleeping          |     1 |     2 ||     3
Armor: Robe              |    28 |    43 ||    71
Dodge: Dodged            |    59 |   142 ||   201
